[ AOE2 MATCH · #477229708 ]
1v1 RMLithuanians vs Spanish
Rival team · WIN
[ REPLAY ANALYSIS · EXTRACTED FROM THE RECORDED GAME ]
Feudal
9:25
Castle
22:19
Imperial
—
| APM avg | 59.1 |
| APM peak | 113 |
| eAPM avg | 26.6 |
| Villagers / military | 84 / 53 |
Focus
⚔️ 20.4% · 🌾 79.6%
Knight ×38 · Scout Cavalry ×8 · Spearman ×6 · Monk ×1
Feudal
9:28
Castle
22:36
Imperial
—
| APM avg | 36.4 |
| APM peak | 58 |
| eAPM avg | 15.4 |
| Villagers / military | 62 / 37 |
Focus
⚔️ 33.2% · 🌾 66.8%
Conquistador ×22 · Scout Cavalry ×8 · Spearman ×4 · Missionary ×3
Match map
Initial resources + every placement click. Lines = walls · curves = elevation contours. ◆ gold · ⬟ stone · ● berries · ✦ relic · ◌ wall gap
Your base· Open — unwalled flank
Mintoy's base· Open — unwalled flank
Smoothed initial terrain · ◌ = detected wall gap · hover for details
Inputs per minute
— Lith_KING - - Mintoy
Build order — Lith_KING
First 150 of 233 actions detected
| 0:00 | Create | Villager (Male) |
| 0:00 | Create | Villager (Male) |
| 0:01 | Create | Villager (Male) |
| 0:02 | Build | House |
| 0:04 | Build | House |
| 0:05 | Create | Villager (Male) |
| 0:24 | Create | Villager (Male) |
| 0:25 | Create | Villager (Male) |
| 1:40 | Create | Villager (Male) |
| 1:40 | Create | Villager (Male) |
| 2:08 | Create | Villager (Male) |
| 2:18 | Build | Lumber Camp |
| 2:19 | Create | Villager (Male) |
| 2:52 | Create | Villager (Male) |
| 2:52 | Create | Villager (Male) |
| 3:11 | Create | Villager (Male) |
| 3:31 | Create | Villager (Male) |
| 3:32 | Create | Villager (Male) |
| 3:58 | Build | House |
| 4:00 | Build | House |
| 4:46 | Build | Mill |
| 5:10 | Create | Villager (Male) |
| 5:10 | Create | Villager (Male) |
| 5:10 | Create | Villager (Male) |
| 5:10 | Create | Villager (Male) |
| 5:11 | Create | Villager (Male) |
| 5:39 | Create | Villager (Male) |
| 6:09 | Research | Loom |
| 7:12 | Research | Feudal Age |
| 7:12 | Research | Feudal Age |
| 7:38 | Build | Barracks |
| 8:14 | Create | Villager (Male) |
| 8:14 | Create | Villager (Male) |
| 8:20 | Build | House |
| 9:09 | Build | House |
| 9:25 | Age | Feudal Age |
| 9:27 | Build | Stable |
| 9:31 | Create | Villager (Male) |
| 9:53 | Research | Double-Bit Axe |
| 10:08 | Build | Palisade Wall |
| 10:08 | Build | Palisade Wall |
| 10:10 | Create | Spearman |
| 10:11 | Create | Scout Cavalry |
| 10:29 | Build | Palisade Wall |
| 10:30 | Build | Palisade Wall |
| 10:31 | Build | Palisade Wall |
| 10:34 | Build | Palisade Wall |
| 10:35 | Build | Palisade Wall |
| 10:36 | Build | Palisade Wall |
| 10:50 | Create | Villager (Male) |
| 10:50 | Create | Villager (Male) |
| 11:03 | Create | Scout Cavalry |
| 11:11 | Build | Mill |
| 11:17 | Build | Palisade Wall |
| 11:33 | Create | Scout Cavalry |
| 11:33 | Create | Villager (Male) |
| 11:42 | Build | Farm |
| 11:43 | Build | Farm |
| 11:48 | Create | Villager (Male) |
| 11:52 | Create | Villager (Male) |
| 11:55 | Build | Farm |
| 12:12 | Create | Villager (Male) |
| 12:22 | Create | Scout Cavalry |
| 12:22 | Create | Scout Cavalry |
| 12:22 | Create | Scout Cavalry |
| 12:26 | Create | Villager (Male) |
| 12:28 | Build | Farm |
| 12:29 | Build | Farm |
| 12:56 | Create | Villager (Male) |
| 13:03 | Build | Lumber Camp |
| 13:14 | Create | Villager (Male) |
| 13:21 | Create | Scout Cavalry |
| 13:32 | Build | House |
| 13:49 | Build | Farm |
| 13:51 | Create | Villager (Male) |
| 13:55 | Build | Palisade Wall |
| 14:05 | Build | Palisade Wall |
| 14:08 | Build | Palisade Wall |
| 14:09 | Build | Palisade Wall |
| 14:09 | Build | Palisade Wall |
| 14:17 | Create | Villager (Male) |
| 14:21 | Create | Scout Cavalry |
| 14:23 | Create | Spearman |
| 14:23 | Create | Spearman |
| 14:35 | Build | Farm |
| 14:36 | Create | Villager (Male) |
| 14:46 | Build | Mining Camp |
| 14:55 | Create | Villager (Male) |
| 15:03 | Build | House |
| 15:18 | Build | House |
| 15:24 | Build | Farm |
| 15:26 | Build | Farm |
| 15:28 | Create | Villager (Male) |
| 15:31 | Build | Palisade Wall |
| 15:32 | Build | Palisade Wall |
| 15:33 | Build | Palisade Wall |
| 15:35 | Build | Palisade Wall |
| 15:41 | Build | Palisade Wall |
| 15:55 | Build | House |
| 16:01 | Create | Villager (Male) |
| 16:07 | Build | Farm |
| 16:12 | Create | Villager (Male) |
| 16:15 | Build | Blacksmith |
| 16:17 | Create | Villager (Male) |
| 16:30 | Create | Villager (Male) |
| 16:32 | Build | Farm |
| 16:48 | Build | Farm |
| 16:56 | Create | Villager (Male) |
| 16:57 | Create | Villager (Male) |
| 17:14 | Build | Farm |
| 17:18 | Build | Farm |
| 17:26 | Build | Palisade Wall |
| 17:28 | Create | Villager (Male) |
| 17:33 | Build | Farm |
| 17:36 | Build | Farm |
| 17:55 | Create | Villager (Male) |
| 18:10 | Create | Spearman |
| 18:12 | Create | Spearman |
| 18:39 | Build | Palisade Wall |
| 19:03 | Create | Villager (Male) |
| 19:31 | Research | Forging |
| 19:34 | Build | Farm |
| 19:35 | Build | Farm |
| 19:39 | Research | Castle Age |
| 19:45 | Build | Palisade Wall |
| 19:47 | Build | Lumber Camp |
| 19:57 | Build | Farm |
| 20:40 | Build | Palisade Wall |
| 20:45 | Build | Farm |
| 20:48 | Build | Farm |
| 20:57 | Build | Stable |
| 21:05 | Build | Palisade Wall |
| 21:06 | Build | Palisade Wall |
| 21:15 | Research | Forging |
| 21:20 | Create | Spearman |
| 21:31 | Build | Stable |
| 22:05 | Build | Farm |
| 22:14 | Create | Villager (Male) |
| 22:14 | Create | Villager (Male) |
| 22:19 | Age | Castle Age |
| 22:20 | Research | Bloodlines |
| 22:21 | Create | Knight |
| 22:21 | Create | Knight |
| 22:21 | Create | Knight |
| 22:22 | Create | Knight |
| 22:22 | Create | Knight |
| 22:25 | Research | Scale Barding Armor |
| 22:49 | Create | Villager (Male) |
| 22:53 | Create | Villager (Male) |
| 23:17 | Build | Monastery |
Build order — Mintoy
First 150 of 174 actions detected
| 0:02 | Create | Villager (Male) |
| 0:03 | Create | Villager (Male) |
| 0:03 | Create | Villager (Male) |
| 0:05 | Build | House |
| 0:06 | Build | House |
| 0:11 | Create | Villager (Male) |
| 1:30 | Create | Villager (Male) |
| 1:57 | Create | Villager (Male) |
| 2:16 | Create | Villager (Male) |
| 2:43 | Build | Lumber Camp |
| 2:44 | Create | Villager (Male) |
| 2:59 | Create | Villager (Male) |
| 3:05 | Build | House |
| 3:37 | Create | Villager (Male) |
| 3:49 | Create | Villager (Male) |
| 4:34 | Build | Mill |
| 4:41 | Create | Villager (Male) |
| 4:41 | Create | Villager (Male) |
| 5:25 | Create | Villager (Male) |
| 5:29 | Build | House |
| 5:37 | Create | Villager (Male) |
| 5:37 | Create | Villager (Male) |
| 5:53 | Create | Villager (Male) |
| 6:34 | Research | Loom |
| 7:18 | Research | Feudal Age |
| 7:45 | Build | Lumber Camp |
| 8:08 | Build | Mill |
| 8:54 | Build | Barracks |
| 9:06 | Create | Villager (Male) |
| 9:28 | Age | Feudal Age |
| 9:30 | Create | Villager (Male) |
| 9:42 | Build | Stable |
| 9:51 | Build | House |
| 10:15 | Build | Stone Wall |
| 10:21 | Build | Gate |
| 10:23 | Create | Scout Cavalry |
| 10:23 | Create | Scout Cavalry |
| 10:34 | Build | Gate |
| 10:43 | Create | Villager (Male) |
| 10:46 | Build | House |
| 11:00 | Build | House |
| 11:03 | Create | Scout Cavalry |
| 11:04 | Create | Scout Cavalry |
| 11:05 | Create | Villager (Male) |
| 11:26 | Create | Villager (Male) |
| 11:45 | Build | Farm |
| 11:50 | Create | Scout Cavalry |
| 12:32 | Create | Scout Cavalry |
| 12:33 | Create | Villager (Male) |
| 12:40 | Build | Mining Camp |
| 12:51 | Create | Scout Cavalry |
| 12:52 | Create | Villager (Male) |
| 12:55 | Create | Villager (Male) |
| 13:06 | Create | Spearman |
| 13:14 | Create | Villager (Male) |
| 13:50 | Create | Scout Cavalry |
| 13:57 | Create | Villager (Male) |
| 14:02 | Create | Spearman |
| 14:36 | Build | Farm |
| 14:37 | Build | Farm |
| 14:38 | Create | Villager (Male) |
| 14:41 | Build | Farm |
| 14:43 | Build | Farm |
| 14:51 | Create | Villager (Male) |
| 15:04 | Create | Villager (Male) |
| 15:09 | Build | Mining Camp |
| 15:14 | Build | Farm |
| 15:24 | Build | Market |
| 15:29 | Build | Blacksmith |
| 15:48 | Build | House |
| 16:01 | Research | Wheelbarrow |
| 16:16 | Create | Spearman |
| 16:21 | Create | Villager (Male) |
| 16:34 | Build | Farm |
| 16:43 | Build | Gate |
| 17:01 | Build | Farm |
| 17:02 | Build | Farm |
| 17:04 | Build | Farm |
| 17:24 | Create | Villager (Male) |
| 18:39 | Create | Villager (Male) |
| 18:40 | Create | Villager (Male) |
| 19:14 | Build | Farm |
| 19:15 | Build | Farm |
| 19:16 | Build | Farm |
| 19:56 | Research | Castle Age |
| 20:11 | Research | Horse Collar |
| 20:34 | Research | Double-Bit Axe |
| 22:05 | Create | Spearman |
| 22:36 | Age | Castle Age |
| 22:39 | Create | Villager (Male) |
| 22:48 | Build | Castle |
| 22:50 | Create | Villager (Male) |
| 22:57 | Build | Town Center |
| 23:06 | Research | Bloodlines |
| 23:11 | Create | Villager (Male) |
| 23:23 | Build | Town Center |
| 23:38 | Create | Villager (Male) |
| 23:39 | Build | Farm |
| 23:50 | Create | Villager (Male) |
| 24:11 | Create | Conquistador |
| 24:11 | Create | Conquistador |
| 24:12 | Create | Conquistador |
| 24:16 | Create | Villager (Male) |
| 24:17 | Create | Villager (Male) |
| 24:26 | Build | House |
| 24:29 | Create | Villager (Male) |
| 24:30 | Create | Villager (Male) |
| 24:36 | Create | Villager (Male) |
| 24:37 | Create | Villager (Male) |
| 24:44 | Build | Mining Camp |
| 24:56 | Build | Farm |
| 24:58 | Build | Farm |
| 25:00 | Build | Farm |
| 25:03 | Build | Farm |
| 25:05 | Create | Conquistador |
| 25:08 | Create | Villager (Male) |
| 25:09 | Create | Villager (Male) |
| 25:16 | Research | Padded Archer Armor |
| 25:20 | Create | Villager (Male) |
| 25:25 | Build | Farm |
| 25:27 | Build | Farm |
| 25:29 | Create | Conquistador |
| 25:50 | Build | House |
| 25:53 | Build | Farm |
| 25:55 | Create | Villager (Male) |
| 25:58 | Create | Villager (Male) |
| 26:12 | Create | Conquistador |
| 26:24 | Build | Monastery |
| 26:34 | Create | Conquistador |
| 26:37 | Research | Husbandry |
| 26:38 | Create | Villager (Male) |
| 26:48 | Build | Farm |
| 26:50 | Build | Farm |
| 26:52 | Create | Conquistador |
| 27:03 | Build | House |
| 27:04 | Create | Missionary |
| 27:08 | Create | Villager (Male) |
| 27:11 | Build | Farm |
| 27:12 | Create | Conquistador |
| 27:22 | Build | Stone Wall |
| 27:31 | Create | Conquistador |
| 27:32 | Create | Conquistador |
| 27:34 | Create | Villager (Male) |
| 27:47 | Create | Conquistador |
| 27:55 | Build | Farm |
| 28:03 | Create | Villager (Male) |
| 28:04 | Create | Villager (Male) |
| 28:04 | Create | Villager (Male) |
| 28:30 | Create | Conquistador |
| 28:36 | Create | Villager (Male) |
Match timeline
| 7:38 | Lith_KING · first_building Barracks |
| 8:54 | Mintoy · first_building Barracks |
| 9:25 | Lith_KING · age_up feudal |
| 9:27 | Lith_KING · first_building Stable |
| 9:28 | Mintoy · age_up feudal |
| 9:42 | Mintoy · first_building Stable |
| 10:08 | Lith_KING · wall_segment Palisade Wall x1 |
| 10:08 | Lith_KING · wall_segment Palisade Wall x1 |
| 10:15 | Mintoy · wall_segment Stone Wall x1 |
| 10:29 | Lith_KING · wall_segment Palisade Wall x1 |
| 10:30 | Lith_KING · wall_segment Palisade Wall x1 |
| 10:31 | Lith_KING · wall_segment Palisade Wall x1 |
| 10:34 | Lith_KING · wall_segment Palisade Wall x1 |
| 10:35 | Lith_KING · wall_segment Palisade Wall x1 |
| 10:36 | Lith_KING · wall_segment Palisade Wall x1 |
| 11:17 | Lith_KING · wall_segment Palisade Wall x3 |
| 13:55 | Lith_KING · wall_segment Palisade Wall x1 |
| 14:05 | Lith_KING · wall_segment Palisade Wall x1 |
| 14:08 | Lith_KING · wall_segment Palisade Wall x1 |
| 14:09 | Lith_KING · wall_segment Palisade Wall x1 |
| 14:09 | Lith_KING · wall_segment Palisade Wall x1 |
| 15:31 | Lith_KING · wall_segment Palisade Wall x1 |
| 15:32 | Lith_KING · wall_segment Palisade Wall x1 |
| 15:33 | Lith_KING · wall_segment Palisade Wall x1 |
| 15:35 | Lith_KING · wall_segment Palisade Wall x1 |
| 15:41 | Lith_KING · wall_segment Palisade Wall x4 |
| 17:26 | Lith_KING · wall_segment Palisade Wall x1 |
| 18:39 | Lith_KING · wall_segment Palisade Wall x1 |
| 19:39 | Mintoy · first_market_sell 100 wood |
| 19:40 | Mintoy · first_market_buy 100 food |
| 19:45 | Lith_KING · wall_segment Palisade Wall x1 |
| 20:40 | Lith_KING · wall_segment Palisade Wall x1 |
| 21:05 | Lith_KING · wall_segment Palisade Wall x1 |
| 21:06 | Lith_KING · wall_segment Palisade Wall x1 |
| 22:19 | Lith_KING · age_up castle |
| 22:36 | Mintoy · age_up castle |
| 22:48 | Mintoy · first_building Castle |
| 23:17 | Lith_KING · first_building Monastery |
| 26:24 | Mintoy · first_building Monastery |
| 27:22 | Mintoy · wall_segment Stone Wall x1 |
| 30:21 | Lith_KING · first_building Archery Range |
| 31:39 | Lith_KING · resign |
[ AI ANALYSIS · 1 CREDIT ]
What really happened in this match?
Wolo.gg analyzes every decision: build order, eco, micro, common mistakes by bracket. Personalized analysis on WhatsApp or Discord in 30 seconds.
Civ guide
Lithuanians
Map guide
Arabia
Perfil
Jugador #2295921